 Dungeon Crawl Stone Soup version 0.31-a0-1496-g79c7dd0eeb (webtiles) character file.

Game seed: 15355949703728645107

597 Flugkiller the Apothecary (level 7, 0/45 HPs)
             Began as an Octopode Alchemist on Dec 29, 2023.
             Slain by a centaur (3 damage)
             ... on level 5 of the Dungeon.
             The game lasted 00:07:24 (1289 turns).

Flugkiller the Apothecary (Octopode Alchemist)      Turns: 1289, Time: 00:07:25

Health: 0/45       AC:  1    Str:  7    XL:     7   Next: 40%
Magic:  2/11       EV: 13    Int: 19    God:
Gold:   207        SH:  0    Dex: 13    Spells: 5/12 levels left

rFire   . . .        (no weapon)
rCold   . . .        (no shield)
rNeg    . . .        (helmet restricted)
rPois   .            (no amulet)
rElec   .            (no ring)
rCorr   .            (no ring)
SInv    .            (no ring)
Will    .....        (no ring)
Stlth   +++          (no ring)
HPRegen 0.27/turn    (no ring)
MPRegen 0.12/turn    (no ring)
                     (no ring)

%: no passive effects
@: no status effects
A: almost no armour, amphibious, 8 rings, camouflage 1, gelatinous body 1,
(nimble swimmer 1), tentacles
a: no special abilities


You were on level 5 of the Dungeon.
You visited 1 branch of the dungeon, and saw 5 of its levels.

You collected 207 gold pieces.

Inventory:

Talismans
 o - a flux talisman
   (You found it on level 5 of the Dungeon)
Wands
 f - a wand of flame (22)
   (You found it on level 2 of the Dungeon)
 k - a wand of quicksilver (10)
   (You took it off Ijyb on level 3 of the Dungeon)
Scrolls
 b - a scroll of fog {unknown}
 c - 2 scrolls of identify {unknown}
 h - a scroll of poison {unknown}
 i - 2 scrolls of revelation {unknown}
 j - a scroll of teleportation {unknown}
 l - 2 scrolls of vulnerability {unknown}
 m - a scroll of brand weapon {unknown}
 n - a scroll of silence {unknown}
Potions
 a - 2 potions of magic
 d - 2 potions of haste {unknown}
 e - 3 potions of resistance {unknown}
 g - a potion of brilliance {unknown}


   Skills:
 - Level 2.0 Fighting
 - Level 2.0 Dodging
 - Level 2.6 Stealth
 - Level 3.1 Spellcasting
 - Level 1.0 Conjurations
 + Level 7.5 Alchemy
 - Level 3.0 Evocations


You had 5 spell levels left.
You knew the following spells:

 Your Spells              Type           Power      Damage    Failure   Level
a - Sting                 Conj/Alch      76%        1d7       2%          1
b - Mercury Vapours       Alch/Air       34%        N/A       4%          2
c - Olgreb's Toxic Radia  Alch           31%        N/A       7%          4

Your spell library contained the following spells:

 Spells                   Type           Power      Damage    Failure   Level
 Mephitic Cloud           Conj/Alch/Air  13%        N/A       14%         3
 Sticky Flame             Fire/Alch      17%        2d5       32%         4


Dungeon Overview and Level Annotations

Branches:
Dungeon (5/15) Zot: 26812
 Temple: D:4-7

Altars:


Innate Abilities, Weirdness & Mutations

You cannot wear most types of armour.
You are amphibious.
You can wear up to eight rings at the same time.
Your skin changes colour to match your surroundings (Stealth+).
Your rubbery body absorbs attacks. (AC +1, EV +1)
((You are camouflaged when in or above water. (Stealth+)))
You have tentacles for arms and can constrict up to eight enemies at once.


Message History

The ogre is lightly wounded.
Casting: Sting (safe; 2% risk of failure)
Confirm with . or Enter, or press ? or * to list all spells.
Aiming: Sting (safe; 2% risk of failure)
Press: ? - help, Shift-Dir - straight line, f/p - ogre
Aim: an ogre, wielding a +0 giant club (lightly wounded, very poisoned, weak, 88% to hit)
The sting hits the ogre.
The ogre looks as sick as possible!
The ogre is moderately wounded.
The ogre hits you with a +0 giant club!
Casting: Sting (safe; 2% risk of failure)
Confirm with . or Enter, or press ? or * to list all spells.
Aiming: Sting (safe; 2% risk of failure)
Press: ? - help, Shift-Dir - straight line, f/p - ogre
Aim: an ogre, wielding a +0 giant club (heavily wounded, extremely poisoned, weak, 88% to hit)
The sting hits the ogre!
The ogre looks as sick as possible!
The ogre is severely wounded.
You are too injured to fight recklessly!
You are too injured to fight recklessly!
You barely miss the ogre. You squeeze the ogre, but do no damage.
The ogre is severely wounded.
You kill the ogre!
You tentacle-slap the quokka. You grab the quokka.
Your squeeze misses the quokka.
The quokka is moderately wounded.
You constrict the quokka, but do no damage.
The quokka closely misses you. The quokka bites you.
You tentacle-slap the quokka but do no damage.
You squeeze the quokka.
The quokka is heavily wounded.
You constrict the quokka. The quokka closely misses you.
You tentacle-slap the quokka but do no damage.
The quokka is severely wounded.
You constrict the quokka.
You kill the quokka!
Things that are here:
a +0 giant club; an ogre corpse
Found a stone staircase leading up.
You open the door.
There is an open door here.
The orc shouts!
There is a stone staircase leading down here.
Casting: Sting (safe; 2% risk of failure)
Confirm with . or Enter, or press ? or * to list all spells.
Aiming: Sting (safe; 2% risk of failure)
Press: ? - help, Shift-Dir - straight line, f - orc
Aim: an orc, wielding a +0 short sword (74% to hit)
You miscast Sting.
You are very lightly contaminated with residual magic.
Nothing appears to happen.
You tentacle-slap the orc. You grab the orc. You squeeze the orc.
The orc is heavily wounded.
You constrict the orc.
You hear a shout!
The orc hits you with a +0 short sword.
You tentacle-slap the orc.
You kill the orc!
The centaur barely misses you. The centaur kicks you.
Casting: Sting (safe; 2% risk of failure)
Confirm with . or Enter, or press ? or * to list all spells.
Aiming: Sting (safe; 2% risk of failure)
Press: ? - help, Shift-Dir - straight line, f - centaur
Aim: a centaur (84% to hit)
The sting hits the centaur.
The centaur is poisoned.
The centaur is lightly wounded.
The centaur closely misses you. x2; The centaur hits you.
The centaur closely misses you.
Casting: Sting (safe; 2% risk of failure)
Confirm with . or Enter, or press ? or * to list all spells.
Aiming: Sting (safe; 2% risk of failure)
Press: ? - help, Shift-Dir - straight line, f/p - centaur
Aim: a centaur (moderately wounded, poisoned, 84% to hit)
The sting hits the centaur.
The centaur looks even sicker.
The centaur is heavily wounded.
The centaur hits you. The centaur closely misses you.
You barely miss the centaur. You squeeze the centaur.
The centaur is heavily wounded.
The centaur hits you but does no damage.
The centaur closely misses you. The centaur hits you.
* * * LOW HITPOINT WARNING * * *
The centaur closely misses you.
You tentacle-slap the centaur but do no damage.
The centaur is heavily wounded.
The centaur misses you. The centaur barely misses you.
Your magical contamination has completely faded away.
You tentacle-slap the centaur but do no damage.
The centaur is heavily wounded.
The centaur hits you.
* * * LOW HITPOINT WARNING * * *
The centaur kicks you.
* * * LOW HITPOINT WARNING * * *
The centaur hits you.
* * * LOW HITPOINT WARNING * * *
The centaur kicks you but does no damage.
You tentacle-slap the centaur but do no damage.
You squeeze the centaur, but do no damage.
The centaur is severely wounded.
The centaur hits you.
* * * LOW HITPOINT WARNING * * *
The centaur kicks you.
You die...

.#.#.#.#.#.#.#.#.#.#.#.#.#
#.#.#.#...#.#.#.#.#.#.#.##
.#.#.#.#.#.#.#.#o#.#.#.#.#
#.#.#.##'##.#.#.#.#.#.#.##
.#.#.#.#.###.#.#.#.#.#.#.#
#.######..###.#.#†#.#.#.##
.##........###.#.#.#.#.#.#
#.#.<...⌠...'.#.#c#.#.#.##
.##........##..#@#.#.#.#.#
#.######..###.#.#)#.#.#.#
.#.#.#.#)###.#.#.#.#.#.#
#.#.#.##'##.#.#.#.#.#.#.#
.#.#.#...#.#.#.#.#.#.#.#.#
#.#.#.#.#.#.#.#.#.#.#.#.##
.#.#.#.#.#.#.#.#.#.#.#.#.#
##############.########.##
#)# .#


You could see a centaur (very poisoned).

Vanquished Creatures
  2 black bears
  An ogre (D:5)
  A scorpion (D:5)
  A howler monkey (D:4)
  A jelly (D:3)
  An iguana (D:3)
  Ijyb (D:3)
  3 gnolls (D:3)
  6 adders
  A worm (D:2)
  A dart slug (D:1)
  12 orcs
  A ball python (D:1)
  5 endoplasms
  A giant cockroach (D:1)
  12 goblins
  7 hobgoblins
  3 jackals
  3 kobolds
  7 quokkas
  4 bats
  3 frilled lizards
  3 rats
80 creatures vanquished.

Vanquished Creatures (others)
  A kobold (D:3)
1 creature vanquished.

Grand Total: 81 creatures vanquished

Notes
Turn   | Place    | Note
-------+----------+-------------------------------------------
     0 | D:1      | Flugkiller the Octopode Alchemist began the quest for the
                  | Orb.
     0 | D:1      | Reached XP level 1. HP: 11/11 MP: 3/3
    37 | D:1      | Reached XP level 2. HP: 17/17 MP: 1/5
    61 | D:1      | Learned a level 2 spell: Mercury Vapours
   280 | D:1      | Reached skill level 4 in Alchemy
   280 | D:1      | Reached XP level 3. HP: 17/21 MP: 1/6
   501 | D:3      | Reached XP level 4. HP: 21/27 MP: 4/8
   548 | D:3      | Learned a level 4 spell: Olgreb's Toxic Radiance
   556 | D:3      | Noticed a black bear
   582 | D:3      | Killed a black bear
   583 | D:3      | Reached skill level 5 in Alchemy
   583 | D:3      | Reached XP level 5. HP: 11/31 MP: 1/9
   612 | D:3      | Noticed Ijyb
   711 | D:3      | Killed Ijyb
   712 | D:3      | Reached skill level 6 in Alchemy
   754 | D:3      | Found a faded altar of an unknown god.
   833 | D:3      | Reached skill level 1 in Evocations
   833 | D:3      | Reached XP level 6. HP: 23/37 MP: 1/10
   840 | D:3      | Reached skill level 1 in Fighting
  1023 | D:4      | Noticed a black bear
  1037 | D:4      | Killed a black bear
  1058 | D:4      | Reached XP level 7. HP: 23/45 MP: 3/11
  1102 | D:5      | Entered Level 5 of the Dungeon
  1187 | D:5      | Reached skill level 7 in Alchemy
  1289 | D:5      | Slain by a centaur

Illustrated notes

Levels and vault maps discovered:
D:1:      ncdulo_lavacross, layout_loops_ring, minmay_small_reverse_x
D:2:      layout_basic, serial_park_tiny_2, st_stairs_8
D:3:      cheibrodos_greedy_goblins, layout_basic,
          hellmonk_ecumenical_altar_crossroads, st_stairs_12,
          chequers_serial_rivers_large_b, nicolae_nh_oracle_at_delphi, uniq_ijyb
D:4:      layout_gridville, minmay_temple_entry_tees
D:5:      layout_basic, nicolae_overflow_hidden_temple, grunt_ministairs_14,
          uniq_blork_the_orc

Skill      XL: |  1  2  3  4  5  6  7 |
---------------+----------------------+-----
Alchemy        | 4 5 6 7 |  7.5
Spellcasting   | 3 |  3.1
Evocations     | 1 2 3 |  3.0
Fighting       | 2 |  2.0
Dodging        | |  2.0
Stealth        | |  2.6
Conjurations   | |  1.0

Action                     |  1- 3 |  4- 6 |  7- 9 || total
---------------------------+-------+-------+-------++-------
  Melee: Unarmed           |    38 |    55 |    16 ||   109
         Tentacles         |    11 |    17 |     6 ||    34
         Constrict         |     9 |    19 |     4 ||    32
         Punch             |       |     2 |       ||     2
   Cast: Sting             |    33 |    35 |    21 ||    89
         Mercury Vapours   |       |     7 |     1 ||     8
         Olgreb's Toxic Ra |       |     2 |       ||     2
 Armour: Skin              |    33 |    42 |    22 ||    97
  Dodge: Dodged            |    44 |    45 |    19 ||   108

Table legend: (Time is in decaauts)
 A = Elapsed time spent in this place.
 B = Non-inter-level travel time spent in this place.
 C = Inter-level travel time spent in this place.
 D = Time resting spent in this place.
 E = Time spent auto-exploring this place.
 F = Levels seen in this place.
 G = Mean time per level.
                   A        B        C        D        E       F      G
               +--------+--------+--------+--------+--------+-----+--------+
         Total |   1290 |   1275 |     15 |      0 |      0 |   5 |  258.0 |
       Dungeon |   1290 |   1275 |     15 |      0 |      0 |   5 |  258.0 |
               +--------+--------+--------+--------+--------+-----+--------+

Top non-repeatable levels by time:
     D:3: 549 daAuts
     D:1: 233 daAuts
     D:5: 186 daAuts
     D:2: 181 daAuts
     D:4: 138 daAuts
